 Dungeon Crawl Stone Soup version 0.29-a0-553-g81b289dbe5 (webtiles) character file.

Game seed: 17197801864554510652

487 jlumianski the Covered (level 7, -1/44 HPs)
             Began as a Gargoyle Fighter on June 7, 2022.
             Slain by a hornet (3 damage)
             ... on level 5 of the Dungeon.
             The game lasted 00:11:29 (4497 turns).

jlumianski the Covered (Gargoyle Fighter)           Turns: 4497, Time: 00:11:29

Health: -1/44      AC: 18    Str: 21    XL:     7   Next: 13%
Magic:  0/7        EV:  7    Int:  9    God:
Gold:   185        SH:  4    Dex:  9    Spells: 6/6 levels left

rFire   . . .      SeeInvis .   a - +0 war axe
rCold   . . .      Faith    .   c - +0 buckler
rNeg    + . .      Spirit   +   H - +0 chain mail
rPois   ∞          Reflect  .   B - +0 helmet
rElec   +          Harm     .   C - +1 cloak
rCorr   .          Rampage  .   (no gloves)
Will    .....                   (no boots)
Stlth   ..........              t - amulet of guardian spirit
HPRegen 0.14/turn               (no ring)
MPRegen 0.10/turn               (no ring)

@: no status effects
A: sickness immunity, AC +4, negative energy resistance 1, electricity
resistance, torment resistance 1, petrification resistance
a: no special abilities


You were on level 5 of the Dungeon.
You visited 1 branch of the dungeon, and saw 5 of its levels.

You collected 185 gold pieces.

Inventory:

Hand Weapons
 a - a +0 war axe (weapon)
 j - a +0 dagger of electrocution
 A - a +0 trident
Missiles
 e - 11 poisoned darts (quivered)
 f - 213 stones
 y - 4 boomerangs
Armour
 b - a +0 scale mail
 c - a +0 buckler (worn)
 B - a +0 helmet (worn)
 C - a +1 cloak (worn)
 H - a +0 chain mail (worn)
Jewellery
 t - an amulet of guardian spirit (around neck)
Wands
 F - a wand of polymorph (6)
Scrolls
 g - a scroll of silence {unknown}
 h - a scroll of blinking {unknown}
 m - 6 scrolls of teleportation {unknown}
 n - 2 scrolls of enchant armour {unknown}
 o - 2 scrolls of enchant weapon {unknown}
 p - 2 scrolls of noise {unknown}
 q - 2 scrolls of magic mapping {unknown}
 s - a scroll of poison {unknown}
 w - 2 scrolls of identify {unknown}
 x - 2 scrolls of amnesia {unknown}
 z - a scroll of fear {unknown}
 D - a scroll of immolation {unknown}
Potions
 d - a potion of might
 i - 2 potions of attraction {unknown}
 k - a potion of haste {unknown}
 l - 3 potions of flight {unknown}
 r - 2 potions of degeneration {unknown}
 u - a potion of heal wounds {unknown}
 v - a potion of brilliance {unknown}
 E - a potion of lignification {unknown}
 G - 2 potions of mutation {unknown}


   Skills:
 + Level 4.4 Fighting
 + Level 4.4 Axes
 + Level 5.1 Armour
 + Level 1.0 Dodging
 + Level 1.6 Stealth
 + Level 4.1 Shields


You had 6 spell levels left.
You didn't know any spells.
Your spell library contained the following spells:

 Spells                   Type           Power      Damage    Failure   Level
 Ozocubu's Armour         Ice            0%         N/A       100%        3
 Metabolic Englaciation   Hex/Ice        0%         N/A       100%        5
 Simulacrum               Ice/Necr       0%         N/A       100%        6


Dungeon Overview and Level Annotations

Branches:
Dungeon (5/15)
 Temple: D:4-7

Altars:

Annotations:
D:5 1 transporter


Innate Abilities, Weirdness & Mutations

You are immune to sickness and miasma.
Your stone body is resilient. (AC +4)
You are immune to poison.
You resist negative energy. (rN+)
You are resistant to electric shocks. (rElec)
You are resistant to unholy torment.
You are immune to petrification.


Message History

You kill the acid dragon!
Your Armour skill increases to level 5!
You have reached level 7!
You start resting.
A hornet comes into view.
You block the hornet's attack. The hornet stings you.
You barely miss the hornet.
The hornet stings you but does no damage. x2
You miss the hornet.
The hornet stings you but does no damage.
The hornet closely misses you.
You hit the hornet.
The hornet is lightly wounded.
The hornet stings you but does no damage.
You block the hornet's attack.
You hit the hornet.
The hornet is moderately wounded.
The hornet closely misses you.
The hornet stings you but does no damage.
You barely miss the hornet.
The hornet is moderately wounded.
The hornet stings you.
The hornet stings you but does no damage.
You hit the hornet but do no damage.
The hornet is moderately wounded.
You are no longer corroded.
The hornet stings you!
The hornet stings you but does no damage.
You closely miss the hornet.
The hornet is moderately wounded.
The hornet stings you!
* * * LOW HITPOINT WARNING * * *
The hornet stings you.
* * * LOW HITPOINT WARNING * * *
You slash the hornet!
The hornet is severely wounded.
The hornet stings you!
* * * LOW HITPOINT WARNING * * *
The hornet stings you.
You die...

#.# #.# #.######. ###
# #........ ..#
#.####..#####. #.#
#.......## ##.##
#©.......# ...
#..##...## #y# #.
##.## #@# # #.# #.#
#.# #.# ##'## #.#
##...## #.# ##.....##
#.## ##.......##
##..##
#.........####..#.##
+.........'....###.##


You could see a hornet.

Vanquished Creatures
  An acid dragon (D:5)
  An ogre (D:5)
  A hound (D:3)
  An orc priest (D:3)
  2 orc wizards (D:3)
  4 gnolls (D:4)
  2 adders
  An ufetubus (D:5)
  3 worms
  2 dart slugs
  15 orcs
  8 ball pythons
  5 endoplasms
  6 giant cockroaches
  9 goblins
  12 hobgoblins
  9 kobolds
  8 quokkas
  4 bats
  4 frilled lizards
  4 rats
102 creatures vanquished.

Notes
Turn   | Place    | Note
-------+----------+-------------------------------------------
     0 | D:1      | jlumianski the Gargoyle Fighter began the quest for the
                  | Orb.
     0 | D:1      | Reached XP level 1. HP: 14/14 MP: 1/1
   222 | D:1      | Reached XP level 2. HP: 19/19 MP: 2/2
   635 | D:1      | Found a faded altar of an unknown god.
   647 | D:1      | Reached XP level 3. HP: 23/23 MP: 3/3
   976 | D:2      | Reached skill level 1 in Stealth
  1165 | D:2      | Reached XP level 4. HP: 20/29 MP: 4/4
  1674 | D:3      | Reached skill level 4 in Armour
  2033 | D:3      | Noticed an ogre
  2209 | D:3      | Reached XP level 5. HP: 24/33 MP: 3/5
  2673 | D:5      | Entered Level 5 of the Dungeon
  3106 | D:3      | Reached XP level 6. HP: 28/38 MP: 6/6
  3488 | D:5      | Reached skill level 1 in Dodging
  3819 | D:5      | Found a transporter.
  4478 | D:5      | Noticed an acid dragon
  4486 | D:5      | Killed an acid dragon
  4487 | D:5      | Reached skill level 5 in Armour
  4487 | D:5      | Reached XP level 7. HP: 28/44 MP: 5/7
  4487 | D:5      | Noticed a hornet
  4497 | D:5      | HP: 2/44 [hornet (6)]
  4497 | D:5      | Slain by a hornet

Illustrated notes

Levels and vault maps discovered:
D:1:      dpeg_arrival_stonehenge_8_columns, layout_basic,
          basic_ecumenical_altar
D:2:      layout_rooms
D:3:      layout_loops_corners
D:4:      layout_basic
D:5:      gammafunk_steamed_eel, layout_loops_corners,
          dreamdust_princess_corridor

Skill      XL: |  1  2  3  4  5  6 |
---------------+-------------------+-----
Axes           | 2 3 4 |  4.4
Stealth        | 1 |  1.6
Armour         | 4 5 |  5.1
Fighting       | 4 |  4.4
Dodging        | 1 |  1.0
Shields        | 4 |  4.1

Action                   |  1- 3 |  4- 6 |  7- 9 || total
-------------------------+-------+-------+-------++-------
Melee: War axe           |   120 |   224 |     8 ||   352
Armor: Scale mail        |    82 |   129 |       ||   211
       Chain mail        |       |    18 |     7 ||    25
Dodge: Dodged            |    69 |   134 |     2 ||   205
Block: Buckler           |    28 |    54 |     2 ||    84

Table legend: (Time is in decaauts)
 A = Elapsed time spent in this place.
 B = Non-inter-level travel time spent in this place.
 C = Inter-level travel time spent in this place.
 D = Time resting spent in this place.
 E = Time spent auto-exploring this place.
 F = Levels seen in this place.
 G = Mean time per level.
                   A        B        C        D        E       F      G
               +--------+--------+--------+--------+--------+-----+--------+
         Total |   4642 |   4554 |     88 |    432 |   2417 |   5 |  928.4 |
       Dungeon |   4642 |   4554 |     88 |    432 |   2417 |   5 |  928.4 |
               +--------+--------+--------+--------+--------+-----+--------+

Top non-repeatable levels by time:
     D:3: 1587 daAuts
     D:4: 1061 daAuts
     D:1: 1006 daAuts
     D:2: 527 daAuts
     D:5: 459 daAuts
